Map: Abyssal Reef LE

Players

MoDDiB - Winner!

  • Race: Terran Terran
  • League: Master
  • Spawn Location: 5:00

Iceman

  • Race: Zerg Zerg
  • League: Diamond
  • Spawn Location: 11:00

VOD

Have the link to the VOD?

Description

Time

  • Played on: Jan. 12, 2018, 3:43 p.m.
  • Length: 15:17
Show
View Real Time Build Order
Export as new Build Order

MoDDiB Terran - Winner!

Build Orders: Liberator Opening, Mech 

Get SALT Encoding   

  12  0:00  SCV  
  13  0:12  SCV  
  14  0:17  Supply Depot  
  14  0:25  SCV  
  15  0:32  Refinery  
  15  0:39  SCV  
  16  0:46  Barracks  
  16  0:51  SCV  
  17  1:03  SCV  
  18  1:15  SCV  
  19  1:33  Marine, Orbital Command  
  20  1:49  Command Center  
  20  2:00  SCV, Barracks Reactor  
  21  2:06  Factory  
  21  2:17  SCV  
  22  2:22  Supply Depot  
  22  2:29  SCV  
  23  2:31  Refinery  
  23  2:44  Marine x2  
  23  2:47  SCV  
  26  2:53  Hellion  
  28  2:58  Armory  
  28  2:59  SCV  
  28  3:05  SCV  
  30  3:12  Barracks Reactor  
  30  3:13  SCV  
  31  3:21  Orbital Command  
  31  3:25  SCV  
  31  3:26  Refinery  
  32  3:31  Hellion  
  32  3:32  Starport  
  34  3:35  Hellion  
  34  3:37  SCV  
  37  3:49  SCV  
  37  3:54  SCV, Hellion  
  41  3:56  Hellion  
  41  3:58  Liberator, Terran Vehicle Weapons Level 1  
  43  4:04  Marine x2  
  45  4:10  Supply Depot  
  48  4:19  Hellion x2  
  48  4:21  SCV  
  53  4:24  SCV  
  54  4:33  SCV  
  54  4:36  SCV  
  56  4:45  SCV  
  57  4:51  Hellion  
  57  4:52  Command Center  
  59  5:05  Liberator  
  55  5:09  Marine x2  
  55  5:22  Factory  
  55  5:24  Factory  
  55  5:27  Marine x2  
  55  5:33  Cyclone x2  
  55  5:34  SCV x2  
  55  5:45  Marine  
  55  5:47  Marine  
  57  5:52  SCV  
  58  5:59  Supply Depot  
  58  6:00  Refinery  
  58  6:02  Supply Depot  
  58  6:05  Cyclone, Marine x2  
  58  6:08  Cyclone  
  66  6:18  SCV, Orbital Command  
  67  6:22  Factory Tech Lab  
  67  6:23  Factory Reactor  
  67  6:24  SCV, Starport Reactor  
  68  6:30  SCV  
  69  6:37  SCV  
  70  6:42  SCV  
  70  6:44  Siege Tank  
  70  6:45  Cyclone  
  77  6:47  Command Center  
  77  6:50  Orbital Command  
  77  7:01  Refinery  
  77  7:05  Refinery  
  77  7:07  SCV, Cyclone  
  81  7:10  Terran Vehicle And Ship Armor Level 1  
  81  7:11  SCV  
  81  7:12  Hellion  
  84  7:16  Siege Tank  
  84  7:20  Hellion  
  84  7:21  SCV  
  84  7:22  SCV  
  91  7:23  SCV  
  92  7:34  SCV, Engineering Bay  
  93  7:40  Supply Depot  
  93  7:42  Supply Depot  
  93  7:43  Supply Depot  
  93  7:44  Supply Depot  
  93  7:58  SCV x3, Cyclone, Siege Tank  
  93  7:59  Hellbat x2, Hellion  
  93  8:02  Supply Depot  
  93  8:03  Armory  
  93  8:04  Liberator  
  108  8:06  Liberator  
  108  8:07  Supply Depot  
  108  8:10  SCV  
  107  8:20  Cyclone  
  116  8:28  Hellbat x2  
  116  8:31  Hellbat x2  
  124  8:37  SCV  
  125  8:44  Sensor Tower  
  125  8:45  Orbital Command  
  125  8:49  Cyclone  
  125  8:53  Supply Depot  
  128  8:56  Siege Tank  
  128  8:58  Factory  
  128  8:59  Factory  
  128  9:01  Supply Depot  
  131  9:04  SCV  
  132  9:16  Hellbat x2  
  136  9:28  Bunker  
  136  9:29  Supply Depot, Siege Tank  
  138  9:52  Hellion x2  
  142  9:58  Hellion  
  142  9:59  Hellion  
  118  10:01  Hellion  
  106  10:13  Hellion x2  
  104  10:19  Command Center  
  104  10:20  Cyclone, Hellion  
  109  10:22  Cyclone  
  112  10:34  Cyclone x2  
  118  10:36  Liberator  
  118  10:37  Liberator  
  118  10:40  Factory  
  118  10:41  Hellbat  
  118  10:42  Factory Tech Lab x2  
  120  10:44  Orbital Command  
  120  10:51  Missile Turret  
  120  10:52  Hellbat  
  120  10:53  Sensor Tower  
  128  11:04  SCV x2  
  128  11:06  Terran Vehicle Weapons Level 2  
  128  11:07  Terran Vehicle And Ship Armor Level 2  
  128  11:11  Thor  
  136  11:25  Sensor Tower, Missile Turret  
  133  11:27  Siege Tank  
  136  11:33  SCV  
  136  11:34  SCV x2  
  136  11:35  Liberator x2  
  136  11:37  Refinery x2  
  136  11:39  Cyclone x2  
  145  11:44  SCV, Hellion x3  
  158  12:08  Factory  
  158  12:16  Siege Tank x2  
  164  12:29  Starport  
  166  12:30  Hellbat x5  
  174  12:49  Hellbat x2  
  172  12:51  Hellbat x3  
  172  12:52  Hellbat, Siege Tank  
  172  13:02  Planetary Fortress  
  172  13:10  Siege Tank x2  
  180  13:13  Hellbat x4  
  180  13:15  Refinery  
  180  13:16  Factory  
  180  13:19  Factory  
  186  13:21  Refinery, Missile Turret  
  186  13:22  Sensor Tower, Factory Tech Lab  
  186  13:24  Hellbat  
  188  13:34  Hellbat x2, Starport Reactor  
  171  13:42  Hellbat  
  171  13:43  Hellbat x4  
  171  13:46  Hellbat  
  179  13:50  SCV x2  
  182  13:55  Hellbat  
  182  13:56  Hellbat  
  182  14:04  Hellbat, Missile Turret, Siege Tank x2  
  188  14:13  Hellbat x3  
  168  14:18  Hellion  
  156  14:39  Siege Tank x3  
  156  14:43  Cyclone, Hellion  
  170  14:48  Hellion  
  170  14:49  Hellion  
Show
View Real Time Build Order
Export as new Build Order

Iceman Zerg 

Build Orders: Hatch First, Swarm Host 

Get SALT Encoding   

  12  0:01  Drone  
  13  0:12  Overlord  
  13  0:17  Drone  
  14  0:31  Drone x2  
  14  0:34  Drone  
  17  0:54  Hatchery  
  17  0:56  Drone  
  17  0:59  Drone  
  18  1:10  Extractor  
  17  1:15  Spawning Pool  
  17  1:17  Drone  
  17  1:21  Drone  
  18  1:31  Drone  
  19  1:38  Overlord  
  19  1:49  Drone  
  20  2:02  Zergling x2  
  20  2:03  Queen  
  20  2:05  Zergling x2  
  20  2:06  Queen  
  26  2:11  Metabolic Boost  
  26  2:16  Drone  
  26  2:17  Drone  
  28  2:24  Drone  
  28  2:28  Drone  
  30  2:39  Hatchery  
  30  2:41  Drone  
  30  2:47  Overlord  
  30  2:52  Queen  
  30  2:54  Drone  
  30  2:57  Drone  
  34  2:59  Drone  
  34  3:03  Drone  
  36  3:07  Drone  
  37  3:15  Drone x4  
  37  3:18  Drone  
  42  3:25  Zergling x4  
  44  3:34  Extractor  
  43  3:36  Drone, Overlord  
  43  3:37  Overlord  
  43  4:00  Evolution Chamber  
  42  4:07  Drone x11  
  42  4:08  Drone  
  54  4:11  Roach Warren  
  53  4:18  Queen  
  53  4:19  Queen x2  
  53  4:22  Overlord  
  59  4:28  Zergling x4  
  59  4:29  Zergling x6  
  64  4:34  Spine Crawler  
  63  4:43  Zergling x10  
  67  4:52  Roach x3  
  73  4:53  Overlord x2  
  71  5:04  Roach x3  
  74  5:07  Roach x2  
  74  5:08  Zergling x4  
  72  5:15  Roach x2  
  75  5:23  Roach x2  
  75  5:24  Roach  
  75  5:27  Drone  
  75  5:33  Drone  
  75  5:38  Drone  
  75  5:39  Spore Crawler  
  75  5:41  Drone  
  75  5:42  Lair  
  76  5:48  Drone x2  
  78  5:52  Drone, Spore Crawler  
  78  5:55  Drone  
  78  5:57  Drone  
  78  5:59  Drone  
  80  6:05  Extractor  
  80  6:10  Hatchery  
  78  6:18  Drone x10  
  88  6:21  Extractor  
  87  6:28  Drone x2  
  87  6:29  Drone, Spore Crawler  
  87  6:30  Extractor  
  88  6:36  Overlord  
  88  6:45  Drone x2  
  88  6:46  Overlord  
  90  6:47  Overlord x3  
  90  6:49  Zerg Melee Weapons Level 1  
  90  6:53  Evolution Chamber  
  90  6:54  Drone, Hydralisk Den  
  90  6:55  Drone x3, Baneling Nest  
  91  7:04  Overlord x2  
  91  7:06  Extractor  
  90  7:09  Overseer  
  90  7:17  Roach x7  
  104  7:24  Muscular Augments  
  104  7:25  Glial Reconstitution  
  104  7:27  Drone x3  
  107  7:33  Drone x5  
  107  7:36  Zergling x2  
  114  7:37  Zergling x2  
  114  7:38  Zergling x4  
  114  7:42  Zerg Ground Armor Level 1  
  116  7:45  Centrifical Hooks  
  116  7:47  Zergling x8  
  121  7:51  Drone  
  121  7:52  Spore Crawler  
  121  7:54  Drone x2  
  122  7:58  Drone  
  123  8:16  Drone x4  
  123  8:17  Drone x7  
  123  8:18  Drone  
  135  8:21  Extractor  
  135  8:24  Hydralisk  
  135  8:26  Hydralisk, Infestation Pit  
  137  8:27  Hydralisk  
  137  8:28  Hydralisk  
  137  8:31  Hatchery, Hydralisk  
  141  8:34  Hydralisk  
  141  8:36  Ravager  
  141  8:37  Overlord  
  141  8:38  Overlord x2  
  144  8:45  Baneling x8  
  144  8:50  Overlord x3  
  144  8:51  Overlord  
  144  8:53  Overlord  
  144  8:54  Overlord  
  144  9:04  Hydralisk x6  
  144  9:06  Zergling x2  
  144  9:07  Zergling x2  
  144  9:08  Zergling x2  
  144  9:09  Zergling x2  
  160  9:10  Zergling x2  
  160  9:11  Zergling x2  
  160  9:12  Zergling x2  
  160  9:14  Baneling x2  
  162  9:18  Zerg Melee Weapons Level 2  
  162  9:19  Overlord  
  162  9:22  Spine Crawler, Spore Crawler, Extractor  
  159  9:26  Spine Crawler  
  159  9:27  Overlord  
  142  9:56  Ravager  
  142  9:59  Hydralisk x9  
  129  10:00  Hydralisk x6  
  117  10:08  Hydralisk x5  
  117  10:13  Roach x2  
  120  10:20  Roach x2  
  126  10:22  Roach  
  126  10:27  Roach  
  132  10:28  Roach  
  132  10:30  Roach  
  132  10:32  Roach  
  132  10:33  Roach  
  138  10:39  Overseer  
  138  10:42  Extractor  
  131  10:44  Roach x5  
  141  10:52  Overlord  
  141  11:01  Hive  
  141  11:05  Swarm Host  
  141  11:06  Extractor  
  141  11:07  Swarm Host  
  141  11:08  Swarm Host x6, Extractor  
  163  11:12  Ravager x2  
  163  11:14  Ravager  
  166  11:34  Spine Crawler  
  166  11:35  Drone x4, Spine Crawler  
  168  11:40  Overlord  
  168  11:42  Overlord x2  
  168  11:43  Overlord  
  168  11:44  Overlord  
  168  11:45  Swarm Host x2  
  168  11:46  Swarm Host  
  174  11:47  Swarm Host  
  174  11:50  Zerg Missile Weapons Level 1  
  180  11:54  Drone x2  
  180  11:57  Drone x3  
  185  12:10  Swarm Host  
  185  12:11  Swarm Host x3  
  197  12:17  Spire  
  197  12:18  Zerg Ground Armor Level 2  
  196  12:27  Hatchery  
  183  12:59  Hydralisk x7  
  183  13:00  Hydralisk  
  183  13:01  Overlord  
  199  13:06  Overlord x2, Lair  
  199  13:11  Zergling x2  
  200  13:13  Overlord x2  
  200  13:39  Hydralisk  
  200  13:40  Hydralisk x2  
  199  13:55  Hydralisk x3  
  148  14:23  Hydralisk x5  
  148  14:24  Hydralisk x4  
  150  14:35  Hydralisk x3  
  146  14:39  Hydralisk x3  
  148  14:45  Hydralisk x3  
  148  14:50  Hydralisk  
Tags
 
Add a new tag
Caveats
  • Supply blocks, unpowered buildings, or Contaminate may cause inaccurate times.
  • Supply counts are checked every 10 seconds.